GLBL
TORONTO MAPLES @ HAMILTON MOUNTIES
03/27/2049
 
TOP OF THE 1ST
Toronto Maples batting - Pitching for Hamilton Mounties : LHP Ming-feng Cong
Pitching: LHP Ming-feng Cong
Batting: RHB Paul Corrigan 0-0: Fly out, F8 (Flyball, 89M, EV 95.0 MPH)
Batting: LHB Lloyd Wilcox 0-0: Fly out, F9 (Line Drive, 89M, EV 90.0 MPH)
Batting: RHB John McIlmoyle 0-0: Foul Ball, location: 9LMF
0-1: Swinging Strike
0-2: Ball
1-2: Ball
2-2: Strikes out looking
Top of the 1st over - 0 runs, 0 hits, 0 errors, 0 left on base; Toronto 0 - Hamilton 0
BOTTOM OF THE 1ST
Hamilton Mounties batting - Pitching for Toronto Maples : LHP Eduardo Gómez
Pitching: LHP Eduardo Gómez
Batting: RHB Scotty Kreamer 0-0: Ball
1-0: Ball
2-0: Bunted foul
2-1: Swinging Strike
2-2: Ground out 1-3 (Groundball, 13S, EV 70.0 MPH)
Batting: RHB Herb Schurman 0-0: Called Strike
0-1: Ball
1-1: Foul Ball, location: 2F
1-2: Ground out 5-3 (Groundball, 15, EV 89.4 MPH)
Batting: RHB Tom Corson 0-0: Ball
1-0: Called Strike
1-1: Ball
2-1: Ground out 5-3 (Groundball, 56, EV 86.3 MPH)
Bottom of the 1st over - 0 runs, 0 hits, 0 errors, 0 left on base; Toronto 0 - Hamilton 0
TOP OF THE 2ND
Toronto Maples batting - Pitching for Hamilton Mounties : LHP Ming-feng Cong
Batting: RHB Gerald Powers 0-0: Ball
1-0: Single, Error in OF, E8, batter to second base (Groundball, 6MD, EV 104.4 MPH)
Batting: RHB José Ramírez 0-0: Called Strike
0-1: Fly out, F8 (Line Drive, 89D, EV 93.8 MPH)
Batting: RHB António Pérez 0-0: Foul Ball, location: 3FF
0-1: Called Strike
0-2: Ball
1-2: Foul Ball, location: 5F
1-2: DOUBLE (Line Drive, 7LS, EV 96.3 MPH)
Gerald Powers scores
Batting: RHB Joe Jones 0-0: Ball
1-0: SINGLE (Line Drive, 34, EV 97.5 MPH)
António Pérez to third
Batting: RHB Kelly Kennealy 0-0: Ball
1-0: Ball
2-0: Foul Ball, location: 2F
2-1: Ball
3-1: Base on Balls
Joe Jones to second
Batting: LHB Eduardo Gómez 0-0: Fly out, F8 (Flyball, 8RM, EV 94.4 MPH)
Runner from 3rd tags up, SCORES, throw by CF
Now in CF: Wilson Meléndez
Batting: RHB Paul Corrigan 0-0: Swinging Strike
0-1: Called Strike
0-2: Fly out, F8 (Flyball, 8LD, EV 101.9 MPH)
Top of the 2nd over - 2 runs, 3 hits, 1 error, 2 left on base; Toronto 2 - Hamilton 0
BOTTOM OF THE 2ND
Hamilton Mounties batting - Pitching for Toronto Maples : LHP Eduardo Gómez
Batting: RHB Glen Dickie 0-0: Ball
1-0: Foul Ball, location: 2F
1-1: Called Strike
1-2: Strikes out swinging
Batting: SHB Sterling Morin 0-0: Called Strike
0-1: Ball
1-1: Ball
2-1: SINGLE (Line Drive, 9S, EV 94.4 MPH)
Batting: RHB Ewan Heseltine 0-0: Ball
1-0: Foul Ball, location: 5F
1-1: Ball
2-1: Fly out, F5 (Line Drive, 5, EV 68.8 MPH)
Batting: RHB Ken Andrews 0-0: Fly out, F8 (Flyball, 8RM, EV 83.1 MPH)
Bottom of the 2nd over - 0 runs, 1 hit, 0 errors, 1 left on base; Toronto 2 - Hamilton 0
TOP OF THE 3RD
Toronto Maples batting - Pitching for Hamilton Mounties : LHP Ming-feng Cong
Batting: LHB Lloyd Wilcox 0-0: SINGLE (Groundball, 34D, EV 104.4 MPH)
Batting: RHB John McIlmoyle 0-0: Ball
1-0: Swinging Strike
1-1: Grounds into double play, 4-6-3 (Groundball, 4, EV 83.1 MPH)
Batting: RHB Gerald Powers 0-0: Called Strike
0-1: Foul Ball, location: 2F
0-2: Strikes out swinging
Top of the 3rd over - 0 runs, 1 hit, 0 errors, 0 left on base; Toronto 2 - Hamilton 0
BOTTOM OF THE 3RD
Hamilton Mounties batting - Pitching for Toronto Maples : LHP Eduardo Gómez
Batting: RHB Kieran Johnson 0-0: Ball
1-0: Called Strike
1-1: Ground out 6-3 (Groundball, 6, EV 100.6 MPH)
Batting: RHB Ming-feng Cong 0-0: Ball
1-0: Foul Ball, location: 7LSF
1-1: Foul Ball, location: 7LDF
1-2: Ground out 5-3 (Groundball, 56S, EV 83.1 MPH)
Batting: LHB Wilson Meléndez 0-0: Foul Ball, location: 23F
0-1: Ball
1-1: Fly out, F5 (Popup, 56S, EV 72.5 MPH)
Bottom of the 3rd over - 0 runs, 0 hits, 0 errors, 0 left on base; Toronto 2 - Hamilton 0
TOP OF THE 4TH
Toronto Maples batting - Pitching for Hamilton Mounties : LHP Ming-feng Cong
Batting: RHB José Ramírez 0-0: Called Strike
0-1: Foul Ball, location: 2F
0-2: Ball
1-2: Reached on error, E4 (Groundball, 4, EV 99.4 MPH)
Batting: RHB António Pérez Pickoff Throw to First - Out! 1-3 CS
0-0: Ground out 6-3 (Groundball, 6S, EV 65.0 MPH)
Batting: RHB Joe Jones 0-0: Ball
1-0: Ball
2-0: Ball
3-0: Base on Balls
Batting: RHB Kelly Kennealy 0-0: Foul Ball, location: 2RF
0-1: Called Strike
0-2: Ball
1-2: Fly out, F7 (Flyball, 7LS, EV 76.3 MPH)
Top of the 4th over - 0 runs, 0 hits, 1 error, 1 left on base; Toronto 2 - Hamilton 0
BOTTOM OF THE 4TH
Hamilton Mounties batting - Pitching for Toronto Maples : LHP Eduardo Gómez
Batting: RHB Herb Schurman 0-0: Called Strike
0-1: Called Strike
0-2: Fly out, F7 (Flyball, 78M, EV 86.3 MPH)
Batting: RHB Tom Corson 0-0: SINGLE (Groundball, 56S, EV 67.5 MPH) (infield hit)
Batting: RHB Glen Dickie 0-0: Called Strike
Tom Corson steals 2nd base
0-1: Called Strike
0-2: SINGLE (Line Drive, 8RS, EV 109.4 MPH)
Tom Corson to third
Batting: SHB Sterling Morin 0-0: Called Strike
0-1: Fly out, F8 (Flyball, 8RD, EV 109.4 MPH)
Runner from 3rd tags up, SCORES, throw by CF
Batting: RHB Ewan Heseltine 0-0: Ball
1-0: Called Strike
1-1: Fly out, F8 (Flyball, 8LM, EV 93.1 MPH)
Bottom of the 4th over - 1 run, 2 hits, 0 errors, 1 left on base; Toronto 2 - Hamilton 1
TOP OF THE 5TH
Toronto Maples batting - Pitching for Hamilton Mounties : LHP Ming-feng Cong
Now at 1B: Tom Corson
Now at 2B: Ken Andrews
Now at SS: Jack Crousse
Now in RF: Bob Fields
Pinch Hitting: LHB Martin Payne 0-0: Called Strike
0-1: Ground out 4-3 (Groundball, 4, EV 98.8 MPH)
Pinch Hitting: RHB Dave Sullivan 0-0: Called Strike
0-1: Foul Ball, location: 9LDF
0-2: Ball
1-2: Strikes out swinging
Batting: LHB Lloyd Wilcox 0-0: Ball
1-0: Ball
2-0: Called Strike
2-1: Called Strike
2-2: Strikes out swinging, 2-3 out at first.
Top of the 5th over - 0 runs, 0 hits, 0 errors, 0 left on base; Toronto 2 - Hamilton 1
BOTTOM OF THE 5TH
Hamilton Mounties batting - Pitching for Toronto Maples : LHP Eduardo Gómez
Pitching: RHP J.R. Freemann
Now at 1B: Fritz Ku
Now at 2B: Steve Taylor
Now in LF: Martin Useni
Now in CF: Rich Tyler
Batting: RHB Ken Andrews 0-0: Ball
1-0: Ball
2-0: Ground out 1-3 (Groundball, 34S, EV 71.3 MPH)
Batting: RHB Kieran Johnson 0-0: DOUBLE (Line Drive, 7LM, EV 110.0 MPH)
Pinch Hitting: LHB Aaron Bennett 0-0: Ball
1-0: Called Strike
1-1: Ball
2-1: Swinging Strike
2-2: SINGLE (Line Drive, 89S, EV 100.6 MPH)
Kieran Johnson to third
Batting: LHB Wilson Meléndez 0-0: Called Strike
0-1: Called Strike
0-2: SINGLE (Line Drive, 34D, EV 98.8 MPH)
Kieran Johnson scores
Aaron Bennett to second
Runner from 2nd tries for 3rd, SAFE, throw by RF made to third
Pinch Hitting: LHB Robert Leroy 0-0: Ball
1-0: Called Strike
1-1: Ball
2-1: Foul Ball, location: 7LMF
2-2: Grounds into double play, 4-6-3 (Groundball, 4, EV 88.8 MPH)
Bottom of the 5th over - 1 run, 3 hits, 0 errors, 1 left on base; Toronto 2 - Hamilton 2
TOP OF THE 6TH
Toronto Maples batting - Pitching for Hamilton Mounties : LHP Ming-feng Cong
Pitching: RHP Paul Dominey
Now at C: Addy van den Adel
Now in LF: Robert Leroy
Batting: SHB Fritz Ku 0-0: Called Strike
0-1: Ball
1-1: Foul Ball, location: 2F
1-2: Ground out 6-3 (Groundball, 6MD, EV 102.5 MPH)
Pinch Hitting: RHB Nathan Frazier 0-0: Swinging Strike
0-1: Called Strike
0-2: Ball
1-2: Ball
2-2: Ball
3-2: Strikes out swinging
Pinch Hitting: RHB Brady Gueguen 0-0: Called Strike
0-1: Foul Ball, location: 3FF
0-2: SINGLE (Line Drive, 34D, EV 98.8 MPH)
Pinch Hitting: LHB Marcos González 0-0: Called Strike
0-1: Ground out 4-3 (Groundball, 34, EV 105.0 MPH)
Top of the 6th over - 0 runs, 1 hit, 0 errors, 1 left on base; Toronto 2 - Hamilton 2
BOTTOM OF THE 6TH
Hamilton Mounties batting - Pitching for Toronto Maples : RHP J.R. Freemann
Pitching: RHP Hervé Smart
Now at 3B: Brady Gueguen
Now at SS: Nathan Frazier
Now in CF: Marcos González
Now in RF: Rich Tyler
Batting: RHB Tom Corson 0-0: SINGLE (Line Drive, 78S, EV 90.6 MPH)
Batting: RHB Bob Fields 0-0: Ball
Tom Corson is caught stealing 2nd base 2-4
1-0: Foul Ball, location: 25F
1-1: Ball
2-1: Foul Ball, location: 5FF
2-2: Fly out, F3 (Popup, 23F, EV 86.3 MPH)
Batting: RHB Jack Crousse 0-0: Ball
1-0: Foul Ball, location: 3SF
1-1: Foul Ball, location: 2F
1-2: Ball
2-2: Ball
3-2: Strikes out looking
Bottom of the 6th over - 0 runs, 1 hit, 0 errors, 0 left on base; Toronto 2 - Hamilton 2
TOP OF THE 7TH
Toronto Maples batting - Pitching for Hamilton Mounties : RHP Paul Dominey
Pitching: RHP Dan Webb
Batting: SHB Martin Useni 0-0: Called Strike
0-1: Ball
1-1: Ball
2-1: Swinging Strike
2-2: Ball
3-2: Strikes out looking
Batting: RHB Kelly Kennealy 0-0: Ball
1-0: Called Strike
1-1: Foul Ball, location: 23F
1-2: Ball
2-2: Strikes out swinging
Batting: LHB Rich Tyler 0-0: Foul Ball, location: 2F
0-1: Ball
1-1: Foul Ball, location: 2F
1-2: Ball
2-2: Ground out 4-3 (Groundball, 4, EV 88.1 MPH)
Top of the 7th over - 0 runs, 0 hits, 0 errors, 0 left on base; Toronto 2 - Hamilton 2
BOTTOM OF THE 7TH
Hamilton Mounties batting - Pitching for Toronto Maples : RHP Hervé Smart
Pitching: RHP Ramón Méndez
Batting: RHB Ewan Heseltine 0-0: Ground out 4-3 (Groundball, 34, EV 108.8 MPH)
Batting: RHB Ken Andrews 0-0: Called Strike
0-1: SINGLE (Groundball, 4MD, EV 97.5 MPH)
Batting: LHB Addy van den Adel 0-0: SINGLE (Groundball, 4MD, EV 94.4 MPH)
Ken Andrews to second
Pinch Hitting: LHB Billy Williams 0-0: Ball
1-0: SINGLE (Groundball, 6MD, EV 97.5 MPH)
Ken Andrews to third
Addy van den Adel to second
Runner from 3rd tries for Home, SAFE, throw by CF to home
Addy van den Adel to third
Billy Williams to second
Batting: LHB Wilson Meléndez 0-0: Called Strike
0-1: Swinging Strike
0-2: Ball
1-2: Ball
2-2: Ball
3-2: SINGLE (Groundball, 25, EV 75.0 MPH) (infield hit)
Pitching: LHP Nick Lane
Batting: LHB Robert Leroy 0-0: Fly out, F8 (Flyball, 8RXD, EV 101.9 MPH)
Runner from 3rd tags up, SCORES, no throw by CF
Billy Williams to third
Batting: RHB Tom Corson 0-0: Fielders Choice at 2nd, 6-4 (Groundball, 6, EV 85.0 MPH)
Bottom of the 7th over - 2 runs, 4 hits, 0 errors, 2 left on base; Toronto 2 - Hamilton 4
TOP OF THE 8TH
Toronto Maples batting - Pitching for Hamilton Mounties : RHP Dan Webb
Pitching: RHP Wally Howard
Batting: RHB Steve Taylor 0-0: Foul Ball, location: 3F
0-1: Swinging Strike
0-2: Strikes out swinging
Pinch Hitting: RHB Mark Ekdar 0-0: Called Strike
0-1: Fly out, F7 (Line Drive, 78M, EV 83.8 MPH)
Batting: SHB Fritz Ku 0-0: Ball
1-0: Foul Ball, location: 2F
1-1: Foul Ball, location: 7LDF
1-2: Foul Ball, location: 23F
1-2: Foul Ball, location: 2RF
1-2: Fly out, F7 (Flyball, 78XD, EV 105.0 MPH)
Top of the 8th over - 0 runs, 0 hits, 0 errors, 0 left on base; Toronto 2 - Hamilton 4
BOTTOM OF THE 8TH
Hamilton Mounties batting - Pitching for Toronto Maples : LHP Nick Lane
Pitching: RHP Orlando Méndez
Batting: RHB Bob Fields 0-0: Ball
1-0: Swinging Strike
1-1: Ground out 5-3 (Groundball, 5, EV 98.8 MPH)
Batting: RHB Jack Crousse 0-0: SINGLE (Line Drive, 4D, EV 74.4 MPH)
Batting: RHB Ewan Heseltine 0-0: Ball
1-0: Ball
2-0: Foul Ball, location: 2F
2-1: Ball
3-1: Base on Balls
Jack Crousse to second
Batting: RHB Ken Andrews 0-0: 3-RUN HOME RUN (Flyball, 7D, EV 99.4 MPH), Distance : 391 ft
Batting: LHB Addy van den Adel 0-0: Called Strike
0-1: Swinging Strike
0-2: SINGLE (Groundball, 34D, EV 103.1 MPH)
Batting: RHB Wally Howard 0-0: Ball
1-0: Ball
2-0: Bunted foul
2-1: Called Strike
2-2: Sac Bunt to 15 - play at first, batter OUT! 1-4
Addy van den Adel to second
Batting: LHB Wilson Meléndez 0-0: Ball
1-0: Ball
2-0: Single, Error in OF, E7, batter to second base (Line Drive, 7S, EV 88.8 MPH)
Addy van den Adel scores
Batting: LHB Robert Leroy 0-0: Called Strike
0-1: Swinging Strike
0-2: Fly out, F8 (Flyball, 8LXD, EV 106.9 MPH)
Bottom of the 8th over - 4 runs, 4 hits, 1 error, 1 left on base; Toronto 2 - Hamilton 8
TOP OF THE 9TH
Toronto Maples batting - Pitching for Hamilton Mounties : RHP Wally Howard
Pitching: LHP Rick Hansen
Batting: RHB Nathan Frazier 0-0: Ball
1-0: Foul Ball, location: 5F
1-1: Swinging Strike
1-2: Strikes out swinging
Batting: RHB Brady Gueguen 0-0: Ball
1-0: Called Strike
1-1: Swinging Strike
1-2: Foul Ball, location: 23F
1-2: Strikes out swinging
Pinch Hitting: RHB Henry Wilkerson 0-0: Called Strike
0-1: Ground out 6-3 (Groundball, 6, EV 100.0 MPH)
Top of the 9th over - 0 runs, 0 hits, 0 errors, 0 left on base; Toronto 2 - Hamilton 8
Wednesday, April 17th , 2024 - OOTP Baseball 24.10 Build 82